 Dungeon Crawl Stone Soup version 0.32-a0-572-g3e1049bc92 (webtiles) character file.

Game seed: 11083282618927070517

29369 Essalna the Arsonist (level 13, -8/81 HPs)
             Began as a Deep Elf Fire Elementalist on Mar 1, 2024.
             Was an Elder of Vehumet.
             Mangled by a death yak (20 damage)
             ... on level 4 of the Lair of Beasts.
             The game lasted 00:31:26 (15223 turns).

Essalna the Arsonist (Deep Elf Fire Elementalist)  Turns: 15223, Time: 00:31:27

Health: -8/81      AC: 11    Str:  5    XL:     13   Next: 14%
Magic:  3/33       EV: 16    Int: 28    God:    Vehumet [****..]
Gold:   1189       SH:  0    Dex: 15    Spells: 11/24 levels left

rFire   . . .        R - +5 falchion "Woluug" {flame, MP+9 Int+2}
rCold   + . .        (no shield)
rNeg    . . .        a - +0 robe
rPois   .            Z - +0 helmet
rElec   .            E - +1 cloak
rCorr   +            H - +0 pair of gloves of Vuizixiph {rF- rC+ rCorr Slay+3}
SInv    .            (no boots)
Will    +....        d - amulet of regeneration
Stlth   ++           A - +4 ring of protection
HPRegen 1.13/turn    K - ring of protection from fire
MPRegen 0.23/turn

%: no passive effects
@: no status effects
A: no striking features
a: Renounce Religion


You were on level 4 of the Lair of Beasts.
You worshipped Vehumet.
Vehumet was greatly pleased with you.
You visited 3 branches of the dungeon, and saw 14 of its levels.
You also visited: Ossuary and Bailey.

You collected 1189 gold pieces.

Inventory:

Hand Weapons
 c - a +1 dagger of pain
 R - the +5 falchion "Woluug" (weapon) {flame, MP+9 Int+2}
   (You found it on level 1 of the Lair of Beasts)

   Int+2:     It affects your intelligence (+2).
   MP+9:      It affects your magic capacity (+9).
Armour
 a - a +0 robe (worn)
 E - a +1 cloak (worn)
 H - the +0 pair of gloves of Vuizixiph (worn) {rF- rC+ rCorr Slay+3}
   (You found it in a bailey)

   Slay+3:    It affects your accuracy & damage with ranged weapons and melee
   (+3).
   rF-:       It makes you vulnerable to fire.
   rC+:       It protects you from cold.
   rCorr:     It protects you from acid and corrosion.
 I - a +0 pair of boots of flying
 M - a +2 pair of boots
 Z - a +0 helmet (worn)
Magical Staves
 N - a staff of conjuration
Jewellery
 d - an amulet of regeneration (around neck)
 f - a ring of see invisible
 t - a ring of poison resistance
 x - an amulet of faith
 y - a ring of protection from cold
 A - a +4 ring of protection (left hand)
 C - an amulet of guardian spirit
 K - a ring of protection from fire (right hand)
 S - a ring of resist corrosion
 X - the ring "Saadorif" {rC- Int+6 Slay-5 SInv}
   (You found it on level 3 of the Lair of Beasts)

   [ring of see invisible]

   Int+6:     It affects your intelligence (+6).
   Slay-5:    It affects your accuracy & damage with ranged weapons and melee
   (-5).
   rC-:       It makes you vulnerable to cold.
   SInv:      It lets you see invisible.
Wands
 i - a wand of paralysis (17)
 u - a wand of mindburst (19)
 D - a wand of flame (31)
 W - a wand of polymorph (6)
Scrolls
 b - a scroll of fear
 g - 3 scrolls of vulnerability
 k - a scroll of silence {unknown}
 o - 4 scrolls of poison
 r - 2 scrolls of blinking
 s - 2 scrolls of fog
 w - 4 scrolls of teleportation
 B - 2 scrolls of noise
 J - a scroll of brand weapon {unknown}
 L - a scroll of acquirement {unknown}
 O - 5 scrolls of identify
 Q - a scroll of amnesia {unknown}
 T - 3 scrolls of enchant armour
 Y - a scroll of immolation {unknown}
Potions
 e - a potion of heal wounds
 h - 2 potions of invisibility
 j - 6 potions of curing
 l - 2 potions of berserk rage {unknown}
 m - 4 potions of might {unknown}
 n - 2 potions of lignification {unknown}
 p - 8 potions of attraction {unknown}
 q - a potion of degeneration {unknown}
 v - 4 potions of resistance {unknown}
 z - 4 potions of brilliance
 F - 2 potions of cancellation {unknown}
 G - 4 potions of enlightenment
 P - 2 potions of mutation {unknown}
 U - a potion of ambrosia {unknown}
Miscellaneous
 V - a phantom mirror


   Skills:
 + Level 9.6 Fighting
 - Level 6.0 Armour
 - Level 8.0 Dodging
 - Level 2.4 Stealth
 - Level 6.0 Spellcasting
 + Level 12.9 Conjurations
 + Level 13.2 Fire Magic


You had 11 spell levels left.
You knew the following spells:

 Your Spells              Type           Power      Damage    Failure   Level
a - Foxfire               Conj/Fire      100%       2x1d9     1%          1
b - Scorch                Fire           100%       2d9       1%          2
c - Flame Wave            Conj/Fire      69%        2d16      1%          4
d - Starburst             Conj/Fire      34%        6d10      1%          6

Your spell library contained the following spells:

 Spells                   Type           Power      Damage    Failure   Level
 Mephitic Cloud           Conj/Alch/Air  32%        N/A       1%          3
 Dazzling Flash           Conj/Hex       88%        N/A       1%          3
 Inner Flame              Hex/Fire       45%        N/A       1%          3
 Volatile Blastmotes      Fire/Tloc      90%        2d17      1%          3
 Lesser Beckoning         Tloc           16%        N/A       9%          2
 Gell's Gravitas          Tloc           8%         N/A       19%         3
 Summon Ice Beast         Ice/Summ       8%         N/A       19%         3
 Teleport Other           Tloc           8%         N/A       19%         3
 Anguish                  Hex/Necr       4%         N/A       52%         4
 Cause Fear               Hex            4%         N/A       52%         4
 Summon Mana Viper        Hex/Summ       8%         N/A       86%         5
 Dispersal                Tloc           4%         N/A       100%        6
 Enfeeble                 Hex            4%         N/A       100%        7
 Monstrous Menagerie      Summ           4%         N/A       100%        7
 Maxwell's Capacitive Co  Air            4%         ∞         100%        8


Dungeon Overview and Level Annotations

Branches:
Dungeon (9/15)             Temple (1/1) D:6            Lair (4/5) D:8
 Shoals (0/4) Lair:2       Spider (0/4) Lair:3      Ossuary (visited)
 Bailey (visited)
  Slime: Lair:4-5       Orc: D:9-12

Altars:
Ashenzari
Cheibriados
Dithmenos
Elyvilon
Fedhas
Gozag
Hepliaklqana
Makhleb
Nemelex Xobeh
Okawaru
Qazlal
Trog
Uskayaw
Vehumet
Xom
Yredelemnul
Zin

Shops:
D:4 *

Annotations:
D:4 2 transporters, bugwipe's ghost, novice MiFi
D:5 Dowan; Duvessa


Message History

The death yak gores you. The death yak gores you!
Hit: R) +5 falchion "Woluug" {flame, MP+9 Int+2}
Press: ? - help, Dir - move target, f/p - death yak
Aim: a death yak (severely wounded, about 16% to evade the +5 falchion "Woluug")
You hit the death yak. You burn the death yak.
The death yak is severely wounded.
The death yak gores you but does no damage.
Hit: R) +5 falchion "Woluug" {flame, MP+9 Int+2}
Press: ? - help, Dir - move target, f/p - death yak
Aim: a death yak (severely wounded, about 16% to evade the +5 falchion "Woluug")
You barely miss the death yak.
The death yak is severely wounded.
The death yak gores you.
Hit: R) +5 falchion "Woluug" {flame, MP+9 Int+2}
Press: ? - help, Dir - move target, f/p - death yak
Aim: a death yak (severely wounded, about 16% to evade the +5 falchion "Woluug")
You slash the death yak! You burn the death yak.
The death yak is almost dead.
The death yak completely misses you. The death yak gores you!!
* * * LOW HITPOINT WARNING * * *
Hit: R) +5 falchion "Woluug" {flame, MP+9 Int+2}
Press: ? - help, Dir - move target, f/p - death yak
Aim: a death yak (almost dead, about 16% to evade the +5 falchion "Woluug")
You hit the death yak but do no damage.
The death yak is almost dead.
The death yak misses you.
Hit: R) +5 falchion "Woluug" {flame, MP+9 Int+2}
Press: ? - help, Dir - move target, f/p - death yak
Aim: a death yak (almost dead, about 16% to evade the +5 falchion "Woluug")
You hit the death yak but do no damage.
The death yak is almost dead.
The death yak gores you.
* * * LOW HITPOINT WARNING * * *
Hit: R) +5 falchion "Woluug" {flame, MP+9 Int+2}
Press: ? - help, Dir - move target, f/p - death yak
Aim: a death yak (almost dead, about 16% to evade the +5 falchion "Woluug")
You hit the death yak but do no damage.
The death yak is almost dead.
The death yak gores you!!
You die...

.#..............# #### ##...
................## ##..
..#.#............# #.#.
##.#.............# ##.#
..##........%....### #.#.
..####.............# ###.
...##..............# #..
....##..........#..###
#####..
...###.†.....##.@#...###
#..#### ####
##...#.#####Y#....####..###.
# #...### ##...............
#†..# #...#####.####.. #...#
##...# ### ### #....#
###...## # .....( #....## #
......# ##..##
..........#####†.##


You could see a death yak.

Vanquished Creatures
  Gastronok (Lair:3)
  2 hydras
  A two-headed ogre (D:8)
  10 death yaks
  Pikel (D:5)
  A merfolk siren (Lair:2)
  A black mamba (Lair:4)
  A gargoyle (D:8)
  Joseph (D:7)
  A torpor snail (Lair:4)
  10 cane toads
  8 komodo dragons
  3 merfolk (Lair:2)
  2 hornets
  Prince Ribbit (D:7)
  4 blink frogs (Lair:3)
  3 dream sheep (Lair:4)
  Sigmund (D:3)
  A culicivora (Lair:3)
  2 wyverns
  35 yaks
  2 steam dragons (D:8)
  A redback (Lair:3)
  7 water moccasins
  Edmund (D:5)
  3 black bears
  8 orc warriors
  9 wolves
  A lemure (D:5)
  A kobold brigand (D:8)
  18 bullfrogs
  A scorpion (D:6)
  3 wights (D:7)
  3 killer bees (D:8)
  2 howler monkeys (D:7)
  3 jellies
  2 gnoll boudas
  2 orc priests
  Crazy Yiuf (D:5)
  3 hounds
  6 iguanas
  A sleepcap (D:6)
  Ijyb (D:3)
  5 orc wizards
  8 mummies (Ossuary)
  20 gnolls
  8 adders
  2 dart slugs
  4 ribbon worms
  22 orcs
  8 endoplasms
  A giant cockroach (D:1)
  6 goblins
  11 hobgoblins
  A jackal (D:2)
  A quokka (D:2)
  A ball python (D:2)
  6 bats
  A frilled lizard (D:2)
  A gnoll zombie (Ossuary)
  2 hobgoblin zombies (Ossuary)
  27 kobolds
  2 kobold zombies (Ossuary)
  3 orc zombies (Ossuary)
  2 rats (D:1)
311 creatures vanquished.

Vanquished Creatures (collateral kills)
  4 foxfires
4 creatures vanquished.

Vanquished Creatures (others)
  1596 foxfires
1596 creatures vanquished.

Grand Total: 1911 creatures vanquished

Notes
Turn   | Place    | Note
-------+----------+-------------------------------------------
     0 | D:1      | Essalna the Deep Elf Fire Elementalist began the quest for
                  | the Orb.
     0 | D:1      | Reached XP level 1. HP: 10/10 MP: 6/6
   434 | D:1      | Reached XP level 2. HP: 15/15 MP: 4/8
  1202 | D:2      | Found a faded altar of an unknown god.
  1615 | D:2      | Reached XP level 3. HP: 17/19 MP: 7/10
  2047 | D:3      | Reached skill level 4 in Fire Magic
  2176 | D:3      | Reached XP level 4. HP: 9/24 MP: 6/12
  2233 | D:3      | Noticed Sigmund
  2240 | D:3      | Killed Sigmund
  2241 | D:3      | Reached skill level 5 in Spellcasting
  2241 | D:3      | Reached skill level 5 in Fire Magic
  2241 | D:3      | Reached XP level 5. HP: 28/28 MP: 5/14
  2361 | D:3      | Noticed Ijyb
  2368 | D:3      | Paralysed by Ijyb for 3 turns
  2373 | D:3      | Paralysed by Ijyb for 5 turns
  2380 | D:3      | Killed Ijyb
  2381 | D:3      | Reached XP level 6. HP: 21/32 MP: 5/16
  2690 | D:3      | Learned a level 2 spell: Scorch
  2695 | D:3      | Learned a level 4 spell: Flame Wave
  3450 | D:4      | Reached skill level 1 in Fighting
  3676 | D:4      | Identified the +2 leather armour "Uffir" {^Contam Int+4
                  | Stlth+}
  3694 | D:4      | Reached XP level 7. HP: 38/38 MP: 11/18
  3867 | D:4      | Found a transporter.
  3870 | D:4      | Found a transporter.
  3870 | D:4      | Noticed bugwipe's ghost (novice MiFi)
  3890 | D:4      | Found a blossoming altar of Fedhas.
  4176 | D:4      | Reached skill level 5 in Conjurations
  4224 | D:4      | Found Yrchuah's General Store.
  4420 | D:5      | Entered Level 5 of the Dungeon
  4515 | D:5      | Reached skill level 6 in Fire Magic
  4754 | D:5      | Noticed Pikel
  4762 | D:5      | Killed Pikel
  4763 | D:5      | Reached skill level 7 in Fire Magic
  4763 | D:5      | Reached XP level 8. HP: 37/46 MP: 5/19
  4976 | D:5      | Noticed Dowan
  5046 | D:5      | Found a snail-covered altar of Cheibriados.
  5195 | D:5      | Noticed Edmund
  5205 | D:5      | Killed Edmund
  5325 | D:5      | Found a runed translucent door.
  5326 | D:5      | Noticed Crazy Yiuf
  5331 | D:5      | Killed Crazy Yiuf
  5565 | D:6      | Found a stormy altar of Qazlal.
  5576 | D:6      | Found a sand-covered staircase.
  5583 | Ossuary  | Entered an ossuary
  6071 | D:6      | Noticed an air elemental
  6610 | D:5      | Noticed Duvessa
  6649 | D:7      | Noticed Joseph
  6753 | D:7      | Noticed Prince Ribbit
  6763 | D:7      | Reached skill level 8 in Fire Magic
  6763 | D:7      | Reached XP level 9. HP: 42/52 MP: 2/20
  6776 | D:7      | Killed Prince Ribbit
  6799 | D:7      | Found a flagged portal.
  6812 | Bailey   | Entered a bailey
  7033 | Bailey   | Reached skill level 5 in Fighting
  7668 | Bailey   | Identified the +0 pair of gloves of Vuizixiph {rF- rC+
                  | rCorr Slay+3}
  7981 | D:7      | Killed Joseph
  7982 | D:7      | Reached skill level 9 in Fire Magic
  8292 | D:6      | Found a staircase to the Ecumenical Temple.
  8298 | Temple   | Entered the Ecumenical Temple
  8306 | Temple   | Became a worshipper of Vehumet
  8846 | D:8      | Noticed a two-headed ogre
  8852 | D:8      | Reached XP level 10. HP: 48/60 MP: 11/21
  8856 | D:7      | Reached skill level 1 in Armour
  9060 | D:8      | Reached * piety under Vehumet
  9060 | D:8      | Offered knowledge of Kiss of Death by Vehumet.
  9080 | D:8      | Reached skill level 10 in Fire Magic
  9196 | D:8      | Noticed a gargoyle
  9620 | D:8      | Found a shadowy altar of Dithmenos.
  9790 | D:8      | Killed a two-headed ogre
  9856 | D:8      | Killed a gargoyle
  9857 | D:8      | Reached skill level 5 in Dodging
  9966 | D:8      | Found a staircase to the Lair.
 10069 | D:8      | Found a hide-covered altar of Uskayaw.
 10070 | D:8      | Found an opulent altar of Gozag.
 10074 | D:8      | Found a bloodstained altar of Trog.
 10132 | D:8      | Found a white marble altar of Elyvilon.
 10245 | Lair:1   | Entered Level 1 of the Lair of Beasts
 10340 | Lair:1   | Noticed a cane toad
 10348 | Lair:1   | Killed a cane toad
 10349 | Lair:1   | Reached skill level 10 in Conjurations
 10434 | Lair:1   | Identified the +5 falchion "Woluug" {flame, MP+9 Int+2}
 10582 | Lair:1   | Noticed a cane toad
 10585 | Lair:1   | Killed a cane toad
 10619 | Lair:1   | Reached XP level 11. HP: 67/67 MP: 22/22
 10628 | Lair:1   | Offered knowledge of Static Discharge by Vehumet.
 10630 | Lair:1   | Reached ** piety under Vehumet
 11322 | Lair:2   | Reached skill level 11 in Fire Magic
 11668 | Lair:2   | Noticed a death yak
 11671 | Lair:2   | Noticed a death yak
 11673 | Lair:2   | Noticed a death yak
 11698 | Lair:3   | Noticed Gastronok
 11761 | Lair:2   | Noticed a death yak
 11761 | Lair:2   | Noticed a death yak
 11812 | Lair:1   | Learned a level 6 spell: Starburst
 11850 | Lair:2   | Killed a death yak
 11850 | Lair:2   | Noticed a death yak
 12199 | Lair:2   | Found a staircase to the Shoals.
 12393 | Lair:2   | Killed a death yak
 12393 | Lair:2   | Offered knowledge of Searing Ray by Vehumet.
 12539 | Lair:3   | Reached XP level 12. HP: 73/73 MP: 23/23
 12641 | Lair:3   | Reached skill level 5 in Armour
 12910 | Lair:3   | Found a hole to the Spider Nest.
 12917 | Lair:3   | Reached *** piety under Vehumet
 12974 | Lair:3   | Identified the ring "Saadorif" {rC- Int+6 Slay-5 SInv}
 13090 | Lair:3   | HP: 1/75 [cane toad (19)]
 13176 | Lair:3   | Noticed a death yak
 13180 | Lair:3   | Noticed a death yak
 13180 | Lair:3   | Noticed a death yak
 13180 | Lair:3   | Noticed a death yak
 13266 | Lair:3   | Noticed an eight-headed hydra
 13273 | Lair:3   | Killed an eight-headed hydra
 13333 | Lair:3   | Killed Gastronok
 13334 | Lair:3   | Reached skill level 12 in Fire Magic
 13533 | Lair:3   | Killed a death yak
 13542 | Lair:3   | Killed a death yak
 13551 | Lair:3   | Killed a death yak
 13558 | Lair:3   | Killed a death yak
 14153 | Lair:4   | Offered knowledge of Mephitic Cloud by Vehumet.
 14397 | Lair:4   | Noticed a six-headed hydra
 14405 | Lair:4   | Killed a six-headed hydra
 14821 | Lair:4   | Reached skill level 13 in Fire Magic
 14889 | Lair:4   | Noticed a death yak
 14889 | Lair:4   | Noticed a death yak
 14898 | Lair:4   | Killed a death yak
 14899 | Lair:4   | Reached XP level 13. HP: 80/80 MP: 9/24
 15051 | Lair:4   | Reached **** piety under Vehumet
 15223 | Lair:4   | Mangled by a death yak

Illustrated notes

Levels and vault maps discovered:
D:1:      roadster_arrival_rocket_small, layout_basic
D:2:      layout_loops_ring, shapermc_ecumenical_altar_venn
D:3:      layout_basic, chequers_serial_rivers_small_a,
          amcnicky_mini_pool_small, uniq_ijyb, uniq_sigmund
D:4:      layout_cave_pools, overflow_temple_1_default, gammafunk_ghost_arena,
          serial_shops, nicolae_shop_crystal
D:5:      layout_loops_ring, mainiacjoe_overflow_concentric_impassable,
          uniq_duvessa, uniq_crazy_yiuf_cottage, uniq_edmund, uniq_pikel
D:6:      layout_basic, nicolae_qazlal_style_of_elements,
          minmay_temple_entry_from_below_a, enter_ossuary_1
D:7:      layout_cave_pools, enter_bailey_4, uniq_prince_ribbit1, uniq_joseph
D:8:      layout_cave_pools, minitemple, kennysheep_mini_moat,
          nicolae_overflow_crystal_walls, lair_entry_dummy
D:9:      layout_rooms, mainiacjoe_overflow_big_doors,
          mainiacjoe_overflow_swirl, uniq_psyche
Temple:   hellmonk_temple_forest_ring
Lair:1:   layout_misc_corridors
Lair:2:   layout_hall_layers, elwin_shoals_entry_stream, grunt_megastairs_4
Lair:3:   layout_roguey, spider_nest_entry_funnel_web, st_stairs_3,
          serial_bayou_shore_b, uniq_gastronok
Lair:4:   layout_cave_pods

Skill      XL: |  1  2  3  4  5  6  7  8  9 10 11 12 |
---------------+-------------------------------------+-----
Conjurations   | 2 3 4 6 7 9 10 11 12 | 12.9
Spellcasting   | 4 5 6 |  6.0
Fire Magic     | 4 5 7 8 9 10 11 13 | 13.2
Fighting       | 1 3 4 6 7 8 9 |  9.6
Dodging        | 5 7 8 |  8.0
Armour         | 3 4 6 |  6.0
Stealth        | |  2.4

Action                     |  1- 3 |  4- 6 |  7- 9 | 10-12 | 13-15 || total
---------------------------+-------+-------+-------+-------+-------++-------
  Melee: Dagger            |    19 |     8 |    25 |    10 |       ||    62
         Falchion          |       |       |       |    24 |    11 ||    35
   Cast: Foxfire           |    79 |    94 |   366 |   364 |     3 ||   906
         Scorch            |       |     3 |    26 |   106 |       ||   135
         Flame Wave        |       |       |     6 |    28 |     2 ||    36
         Starburst         |       |       |       |    11 |     6 ||    17
  Evoke: Wand              |       |       |       |     7 |       ||     7
    Use: Potion            |       |     2 |     1 |     2 |       ||     5
         Scroll            |       |     2 |    11 |     4 |       ||    17
   Stab: Sleeping          |       |     1 |       |       |       ||     1
 Armour: Robe              |    12 |    19 |    54 |   141 |    18 ||   244
  Dodge: Dodged            |    19 |    18 |    39 |   158 |     7 ||   241

Table legend: (Time is in decaauts)
 A = Elapsed time spent in this place.
 B = Non-inter-level travel time spent in this place.
 C = Inter-level travel time spent in this place.
 D = Time resting spent in this place.
 E = Time spent auto-exploring this place.
 F = Levels seen in this place.
 G = Mean time per level.
                   A        B        C        D        E       F      G
               +--------+--------+--------+--------+--------+-----+--------+
         Total |  15300 |  14310 |    990 |    362 |  11354 |  16 |  956.2 |
       Dungeon |   8622 |   7783 |    839 |    202 |   6296 |   9 |  958.0 |
        Temple |     16 |      2 |     14 |      0 |      0 |   1 |   16.0 |
          Lair |   5037 |   4901 |    136 |    160 |   3828 |   4 | 1259.2 |
       Ossuary |    466 |    466 |      0 |      0 |    375 |   1 |  466.0 |
        Bailey |   1157 |   1157 |      0 |      0 |    854 |   1 | 1157.0 |
               +--------+--------+--------+--------+--------+-----+--------+

Top non-repeatable levels by time:
     D:3: 1567 daAuts
  Lair:4: 1337 daAuts
  Lair:3: 1329 daAuts
  Lair:1: 1269 daAuts
     D:7: 1168 daAuts
  Bailey: 1157 daAuts
  Lair:2: 1100 daAuts
     D:5: 1068 daAuts
     D:1: 1042 daAuts
     D:8: 1024 daAuts
     D:2: 911 daAuts
     D:4: 904 daAuts
     D:6: 869 daAuts
 Ossuary: 466 daAuts
     D:9: 66 daAuts
